AoeStats
← W1ldFyre

Nomad

507119529Analyzed
3v3 RM · 16d ago on Sep 16, 2026· 51m 32s· 6 players
Game mode
Random Map
Map size
210×210
Population
200
Speed
Normal
Resources
Standard
Victory
Conquest
Starting age
Dark Age
Ending age
Imperial Age
RankedLock teamsTeams togetherTeam positionsShared explorationLock speedFull tech treeHidden civsTurbo modeCheats
Victory
Defeat
🇨🇴 Britons · Colombia
670
+18
🇵🇱 Vikings · Poland
636
+20
🇵🇱 Dravidians · Poland
614
+21
🇮🇲 Bulgarians · Isle of Man
743
-21
🇮🇲 Japanese · Isle of Man
708
-19
🇬🇧 Aztecs · United Kingdom
706
-19
Mlodov
5:33 Loom
15:07 Feudal Age
15:45 Man-at-Arms
19:50 Arson
22:08 Horse Collar
28:48 Castle Age
28:18 Stone Mining
30:14 Squires
30:24 Scale Mail Armor
30:35 Forging
30:31 Fishing Lines
36:25 Iron Casting
42:55 Chieftains
49:19 Imperial Age
48:17 Double-Bit Axe
49:47 Heavy Plow
Aleko Bart
9:02 Loom
15:45 Feudal Age
17:03 Double-Bit Axe
16:49 Man-at-Arms
20:12 Fletching
20:33 Forging
24:43 Wheelbarrow
29:01 Stone Mining
32:09 Castle Age
33:17 Crossbowman
47:40 Horse Collar
Mooshall
5:16 Loom
15:33 Feudal Age
19:06 Town Watch
23:33 Castle Age
22:15 Wheelbarrow
23:44 Horse Collar
24:06 Double-Bit Axe
25:34 Fletching
25:46 Padded Archer Armor
27:17 Bodkin Arrow
30:28 Thumb Ring
32:01 Leather Archer Armor
32:40 Medical Corps
33:04 Bow Saw
36:50 Murder Holes
37:16 Ballistics
39:32 Imperial Age
39:25 Husbandry
39:45 Forging
39:36 Scale Mail Armor
44:50 Chemistry
50:18 Elite Urumi Swordsman
Razzuss
16:38 Feudal Age
18:10 Double-Bit Axe
19:24 Horse Collar
22:32 Gold Mining
25:04 Forging
24:55 Scale Mail Armor
25:01 Stone Mining
27:55 Castle Age
26:27 Man-at-Arms
26:54 Arson
31:10 Chain Mail Armor
31:33 Iron Casting
31:55 Squires
31:19 Long Swordsman
31:47 Gambesons
32:34 Fishing Lines
33:05 Loom
34:00 Wheelbarrow
38:24 Imperial Age
40:17 Elite Samurai
41:30 Hand Cart
43:41 Caravan
43:54 Pikeman
46:22 Gold Shaft Mining
45:48 Halberdier
47:29 Coinage
50:32 Plate Mail Armor
51:03 Blast Furnace
joklim
12:45 Feudal Age
20:07 Castle Age
20:27 Forging
20:18 Scale Mail Armor
21:03 Squires
24:20 Gambesons
25:58 Iron Casting
26:11 Chain Mail Armor
26:51 Horse Collar
29:53 Arson
46:27 Double-Bit Axe
W1ldFyre
3:12 Loom
15:44 Feudal Age
16:24 Double-Bit Axe
23:13 Horse Collar
23:26 Gold Mining
23:27 Stone Mining
31:41 Castle Age
33:09 Scale Mail Armor
33:20 Forging
32:34 Eagle Warrior
32:37 Elite Skirmisher
35:00 Pikeman
35:41 Squires
38:40 Padded Archer Armor
44:13 Imperial Age
Connection lost

Rejoining the realm…

Still unreachable

The connection could not be restored.

Session expired

The server has moved on; the page needs a fresh start.